 Dungeon Crawl Stone Soup version 0.30-a0-715-gdb4ae3ece1 (webtiles) character file.

Game seed: 10801623447358347872

2387 Newt the Chucker (level 9, -6/66 HPs)
             Began as a Demonspawn Gladiator on Jan 23, 2023.
             Was a Follower of Makhleb.
             Mangled by a wraith (11 damage)
             ... on level 10 of the Dungeon.
             The game lasted 00:08:21 (7126 turns).

Newt the Chucker (Demonspawn Gladiator)             Turns: 7126, Time: 00:08:22

Health: -6/66      AC:  6    Str: 16    XL:     9   Next: 22%
Magic:  16/16      EV: 12    Int: 11    God:    Makhleb [*.....]
Gold:   294        SH:  0    Dex: 16    Spells: 15/18 levels left

rFire   . . .      SeeInvis .    l - +2 sling (flame)
rCold   . . .      Faith    .    (no shield)
rNeg    . . .      Spirit   .    b - +1 leather armour
rPois   .          Reflect  +    c - +0 helmet
rElec   .          Harm     .    (no cloak)
rCorr   .          Rampage  .    (no gloves)
Will    +....                    (no boots)
Stlth   +                        g - amulet of reflection
HPRegen 0.31/turn                v - ring of willpower
MPRegen 0.15/turn                k - ring of flight

@: confused, ambrosia-drunk, flying, slowed, very slow
A: rugged brown scales 1, foul stench 2, powered by death 2
a: Renounce Religion


You were on level 10 of the Dungeon.
You worshipped Makhleb.
Makhleb was aware of your devotion.
You visited 2 branches of the dungeon, and saw 9 of its levels.

You collected 294 gold pieces.

Inventory:

Hand Weapons
 a - a +1 rapier of flaming
 e - a +0 whip
 l - a +2 sling of flaming (weapon)
Missiles
 d - 2 throwing nets
 H - a boomerang of dispersal
Armour
 b - a +1 leather armour (worn)
 c - a +0 helmet (worn)
 f - the +2 ring mail "Icua" {Dex+2}
   (You took it off a goblin on level 2 of the Dungeon)

   Dex:       It affects your dexterity (+2).
 w - a +1 robe of cold resistance
Jewellery
 g - an amulet of reflection (around neck)
 k - a ring of flight (right hand)
 s - an amulet of faith
 v - a ring of willpower (left hand)
Wands
 r - a wand of polymorph (19)
 y - a wand of digging (7)
 L - a wand of charming (7)
Scrolls
 x - 5 scrolls of teleportation
 A - a scroll of summoning
 D - a scroll of enchant armour
 E - a scroll of amnesia {unknown}
 F - a scroll of fear
 G - a scroll of blinking {unknown}
 I - 2 scrolls of identify
 J - a scroll of magic mapping {unknown}
Potions
 h - 3 potions of attraction
 i - 2 potions of brilliance
 j - a potion of flight
 m - a potion of curing
 n - a potion of degeneration
 o - a potion of might
 p - a potion of haste
 q - 2 potions of resistance
 t - a potion of ambrosia
 u - a potion of invisibility {unknown}
 z - a potion of heal wounds {unknown}
 B - a potion of cancellation
 K - a potion of mutation {unknown}


   Skills:
 - Level 4.0 Fighting
 - Level 2.6 Short Blades
 - Level 5.0 Ranged Weapons
 - Level 5.0 Throwing
 - Level 3.0 Armour
 - Level 2.6 Dodging
 - Level 2.0 Stealth
 - Level 5.0 Spellcasting
 + Level 3.7 Hexes
 + Level 3.4 Fire Magic


You had 15 spell levels left.
You knew the following spells:

 Your Spells              Type           Power      Damage    Failure   Level
a - Inner Flame           Hex/Fire       10%        N/A       17%         3

Your spell library contained the following spells:

 Spells                   Type           Power      Damage    Failure   Level
 Slow                     Hex            44%        N/A       5%          1
 Confusing Touch          Hex            11%        N/A       16%         3
 Ensorcelled Hibernation  Hex/Ice        12%        N/A       19%         2
 Apportation              Tloc           4%         N/A       26%         1
 Passwall                 Tmut/Erth      1%         N/A       36%         2
 Ozocubu's Armour         Ice            2%         N/A       58%         3
 Stone Arrow              Conj/Erth      4%         3d7       58%         3
 Swiftness                Air            2%         N/A       58%         3
 Vampiric Draining        Necr           2%         2d6       58%         3
 Flame Wave               Conj/Fire      6%         2d5       77%         4
 Sticky Flame             Conj/Fire      6%         2d3       77%         4
 Animate Armour           Summ/Erth      4%         N/A       94%         4
 Yara's Violent Unravell  Hex/Tmut       3%         3d4       97%         5
 Alistair's Intoxication  Tmut/Pois      1%         N/A       100%        5
 Enfeeble                 Hex            5%         N/A       100%        7
 Ozocubu's Refrigeration  Ice            1%         4d7       100%        7
 Lehudib's Crystal Spear  Conj/Erth      1%         10d2      100%        8


Dungeon Overview and Level Annotations

Branches:
Dungeon (10/15)            Temple (1/1) D:4
   Lair: D:8-11         Orc: D:9-12

Altars:
Ashenzari
Cheibriados
Dithmenos
Fedhas
Gozag
Hepliaklqana
Makhleb
Nemelex Xobeh
Ru
Sif Muna
Trog
Vehumet
Xom
Yredelemnul

Annotations:
D:4 1 runed translucent door, bjtr's ghost, amateur GrEE


Innate Abilities, Weirdness & Mutations

You are partially covered in rugged brown scales. (AC +1, +3% HP)
You sometimes emit foul miasma when damaged in melee.
You regenerate health from kills.


Message History

Throw: boomerang (disperse)
Press: ? - help, Shift-Dir - straight line, f/p - wraith
Aim: a wraith (severely damaged, 64% to hit)
Okay, then.
Unknown command.
Fire: l) +2 sling (flame)
Press: ? - help, Q - select action, (/) - cycle Shift-Dir - straight line, f/p - wraith
Aim: a wraith (severely damaged, 64% to hit)
You shoot a sling bullet.
The sling bullet closely misses the wraith.
The wraith hits you but does no damage. The wraith hits you!
* * * LOW HITPOINT WARNING * * *
The wraith drains your vigour!
You feel as though you will be slow longer.
Fire: l) +2 sling (flame)
Press: ? - help, Q - select action, (/) - cycle Shift-Dir - straight line, f/p - wraith
Aim: a wraith (severely damaged, 64% to hit)
You shoot a sling bullet.
The sling bullet closely misses the wraith.
The wraith hits you.
* * * LOW HITPOINT WARNING * * *
The wraith drains your vigour!
You feel as though you will be slow longer.
You emit a cloud of foul miasma!
The wraith barely misses you.
It was a potion of resistance.
You feel protected. The wraith hits you but does no damage.
You block the wraith's attack.
It was a potion of cancellation.
Your magical effects are unravelling.
You feel magically purged.
You feel yourself speed up.
Your resistance to elements expires.
The wraith hits you.
* * * LOW HITPOINT WARNING * * *
It was a potion of ambrosia.
You are confused.
You feel invigorated. The wraith hits you.
* * * LOW HITPOINT WARNING * * *
The wraith drains your vigour!
You feel yourself slow down. The wraith attacks as you move away!
The wraith hits you!
You die...

#################
#...............#
#...............#
#..(............#
#...............#
#.....@.........#
#....W.....>....#
#...............#
...........#####.#
...........# .#
##(........# #
#......(..#
#.........#


You could see a wraith.

Vanquished Creatures
  Pikel (D:5)
  Prince Ribbit (D:7)
  A shadow (D:7)
  A black bear (D:6)
  2 ogres
  A centaur (D:6)
  2 phantoms
  3 lemures (D:5)
  2 bullfrogs
  A necrophage (D:7)
  2 scorpions
  A howler monkey (D:10)
  4 jellies
  3 hounds
  An orc priest (D:4)
  5 iguanas
  5 orc wizards
  6 adders
  10 gnolls
  A white imp (D:6)
  3 dart slugs
  20 orcs
  7 endoplasms
  2 giant cockroaches
  8 goblins
  5 hobgoblins
  8 jackals
  6 quokkas
  7 ball pythons
  2 bats
  3 frilled lizards
  5 kobolds
  3 rats
132 creatures vanquished.

Notes
Turn   | Place    | Note
-------+----------+-------------------------------------------
     0 | D:1      | Newt the Demonspawn Gladiator began the quest for the Orb.
     0 | D:1      | Reached XP level 1. HP: 16/16 MP: 1/1
    88 | D:1      | Reached skill level 1 in Stealth
   167 | D:1      | Gained mutation: You regenerate a little health from kills.
                  | [demonic ancestry]
   167 | D:1      | Reached XP level 2. HP: 22/22 MP: 2/2
  1043 | D:2      | Identified the +2 ring mail "Icua" {Dex+2}
  1303 | D:2      | Reached XP level 3. HP: 28/28 MP: 3/3
  1451 | D:1      | Gained mutation: You may rarely emit foul miasma when
                  | damaged in melee. [demonic ancestry]
  1451 | D:1      | Reached XP level 4. HP: 37/37 MP: 4/4
  2269 | D:3      | Found a sacrificial altar of Ru.
  2284 | D:3      | Reached XP level 5. HP: 26/42 MP: 5/5
  2556 | D:3      | Found a shimmering altar of Xom.
  2560 | D:3      | Found a shimmering blue altar of Sif Muna.
  3300 | D:4      | Gained mutation: You regenerate health from kills. [demonic
                  | ancestry]
  3300 | D:4      | Reached XP level 6. HP: 26/48 MP: 6/6
  3360 | D:4      | Identified the +1 robe "Jovvayrch" {rC++ Dex-5}
  3681 | D:4      | Found a staircase to the Ecumenical Temple.
  3718 | D:4      | Reached skill level 5 in Throwing
  3724 | D:4      | Found a runed translucent door.
  3729 | Temple   | Entered the Ecumenical Temple
  3945 | Temple   | Became a worshipper of Makhleb the Destroyer
  4008 | D:4      | Reached skill level 1 in Armour
  4561 | D:4      | Noticed bjtr's ghost (amateur GrEE)
  4603 | D:4      | Reached XP level 7. HP: 17/54 MP: 7/7
  4827 | D:5      | Entered Level 5 of the Dungeon
  4838 | D:5      | Reached skill level 1 in Ranged Weapons
  5129 | D:5      | Found a radiant altar of Vehumet.
  5137 | D:5      | Found a shadowy altar of Dithmenos.
  5184 | D:5      | Noticed Pikel
  5610 | D:5      | Killed Pikel
  5611 | D:5      | Reached skill level 5 in Ranged Weapons
  5611 | D:5      | Gained mutation: You are partially covered in rugged brown
                  | scales. (AC +1, +3% HP) [demonic ancestry]
  5611 | D:5      | Reached XP level 8. HP: 43/61 MP: 7/12
  5918 | D:6      | Reached * piety under Makhleb
  6056 | D:6      | Found a blossoming altar of Fedhas.
  6249 | D:6      | Reached skill level 5 in Spellcasting
  6249 | D:6      | Reached skill level 1 in Hexes
  6249 | D:6      | Reached skill level 1 in Fire Magic
  6253 | D:6      | Learned a level 3 spell: Inner Flame
  6782 | D:7      | Gained mutation: You sometimes emit foul miasma when
                  | damaged in melee. [demonic ancestry]
  6782 | D:7      | Reached XP level 9. HP: 43/66 MP: 16/16
  6898 | D:7      | Noticed Prince Ribbit
  6914 | D:7      | Killed Prince Ribbit
  7083 | D:7      | You are sucked into a shaft and drop 3 floors!
  7083 | D:10     | Entered Level 10 of the Dungeon
  7126 | D:10     | Mangled by a wraith

Illustrated notes

Levels and vault maps discovered:
D:1:      spicycebolla_green_bress_n_ham_2, layout_loops_corners,
          minmay_misc_feat_five, corexii_leaking_fountain, minmay_heptomino_h4
D:2:      layout_rooms, minmay_unequal
D:3:      layout_basic, mainiacjoe_overflow_concentric_impassable, minitemple,
          kennysheep_generic_room_8
D:4:      layout_loops_corners, minmay_temple_entry_tees, ebering_ghost_sewer_d
D:5:      layout_rooms, grunt_temple_overflow_open,
          chequers_serial_rivers_marsh, kennysheep_flooded_box,
          minmay_splitting_lines, uniq_pikel
D:6:      layout_loops_ring, mainiacjoe_overflow_surrounded_room,
          minmay_misc_feat_encased
D:7:      layout_basic, nrook_uturn, serial_park_tiny_pond, kennysheep_path_1,
          uniq_prince_ribbit1
D:10:     kennysheep_steamy, layout_small_grid, disabler_island
Temple:   dpeg_chambers_temple

Skill      XL: |  1  2  3  4  5  6  7  8  9 |
---------------+----------------------------+-----
Stealth        | 1 2 |  2.0
Fighting       | 3 4 |  4.0
Throwing       | 2 4 5 |  5.0
Armour         | 2 3 |  3.0
Ranged Weapons | 5 |  5.0
Spellcasting   | 3 5 |  5.0
Hexes          | 2 3 |  3.7
Fire Magic     | 2 3 |  3.4
Short Blades   | |  2.6
Dodging        | |  2.6

Action                     |  1- 3 |  4- 6 |  7- 9 || total
---------------------------+-------+-------+-------++-------
  Melee: Rapier            |    98 |    37 |       ||   135
         Punch             |     1 |       |       ||     1
   Fire: Sling             |       |   128 |   289 ||   417
  Throw: Throwing net      |     3 |     3 |       ||     6
         Javelin           |     1 |     3 |     9 ||    13
         Boomerang         |       |       |     2 ||     2
    Use: Scroll            |     4 |     8 |     2 ||    14
         Potion            |     2 |       |     3 ||     5
   Stab: Sleeping          |     4 |       |       ||     4
         Held in net/web   |     2 |       |       ||     2
 Armour: Leather armour    |    23 |    29 |    41 ||    93
  Dodge: Dodged            |    52 |    43 |    80 ||   175
  Block: Other             |    27 |    24 |    40 ||    91

Table legend: (Time is in decaauts)
 A = Elapsed time spent in this place.
 B = Non-inter-level travel time spent in this place.
 C = Inter-level travel time spent in this place.
 D = Time resting spent in this place.
 E = Time spent auto-exploring this place.
 F = Levels seen in this place.
 G = Mean time per level.
                   A        B        C        D        E       F      G
               +--------+--------+--------+--------+--------+-----+--------+
         Total |   7256 |   7039 |    217 |   1434 |   4423 |   9 |  806.2 |
       Dungeon |   7012 |   6841 |    171 |   1434 |   4235 |   8 |  876.5 |
        Temple |    243 |    197 |     46 |      0 |    188 |   1 |  243.0 |
               +--------+--------+--------+--------+--------+-----+--------+

Top non-repeatable levels by time:
     D:1: 1593 daAuts
     D:4: 1509 daAuts
     D:5: 1117 daAuts
     D:3: 856 daAuts
     D:6: 781 daAuts
     D:2: 677 daAuts
     D:7: 418 daAuts
  Temple: 243 daAuts
    D:10: 59 daAuts
